 Dungeon Crawl Stone Soup version 0.31-a0-313-g785cd24033 (webtiles) character file.

Game seed: 10083553604436336704

259 AlexRAT the Chopper (level 5, -4/48 HPs)
             Began as a Minotaur Berserker on July 17, 2023.
             Was a Priest of Trog.
             Killed by nerve-wracking pain
             ... invoked by an orc priest
              (11 damage)
             ... on level 4 of the Dungeon.
             The game lasted 00:03:42 (2457 turns).

AlexRAT the Chopper (Minotaur Berserker)            Turns: 2457, Time: 00:03:42

Health: -4/48      AC: 10    Str: 23 (24) XL:     5   Next: 94%
Magic:  4/4        EV: 13    Int:  3 (4)  God:    Trog [***...]
Gold:   195        SH:  0    Dex:  7 (9)  Spells: 4/4 levels left

rFire   + . .        a - +0 hand axe
rCold   + . .        (no shield)
rNeg    . . .        m - +0 chain mail
rPois   +            (helmet restricted)
rElec   +            (no cloak)
rCorr   +            (no gloves)
SInv    .            l - +2 pair of slick slippers {slick, slippery, EV+4}
Will    .....        (no amulet) Stlth
                     (no ring)
HPRegen 0.28/turn    (no ring)
MPRegen 0.09/turn

%: no passive effects
@: resistant, invisible
A: horns 2, retaliatory headbutt
a: Renounce Religion, Berserk, Trog's Hand


You were on level 4 of the Dungeon.
You worshipped Trog.
Trog was most pleased with you.
You visited 1 branch of the dungeon, and saw 4 of its levels.

You collected 195 gold pieces.

Inventory:

Hand Weapons
 a - a +0 hand axe (weapon)
Missiles
 r - 2 javelins
Armour
 b - a +0 animal skin
 l - the +2 pair of slick slippers (worn) {slick, slippery, EV+4}
   (You found it on level 2 of the Dungeon)

   Slick:     Its wearer cannot be constricted, engulfed, netted or webbed.
   Slippery:  Its wearer slips away from damaging melee attacks, pulling the
   attacker onward.
   EV:        It affects your evasion (+4).
 m - a +0 chain mail (worn)
Jewellery
 p - a +6 ring of intelligence
Wands
 o - a wand of paralysis (1)
 s - a wand of acid (8)
Scrolls
 c - a scroll of fear {unknown}
 f - 2 scrolls of identify {unknown}
 g - 2 scrolls of teleportation {unknown}
 i - a scroll of noise {unknown}
 k - 2 scrolls of enchant weapon {unknown}
 q - a scroll of amnesia {unknown}
Potions
 e - a potion of degeneration
 n - a potion of enlightenment {unknown}


   Skills:
 + Level 5.1 Fighting
 + Level 6.0 Axes
 + Level 2.6 Armour
 + Level 3.5 Dodging
 + Level 1.3 Stealth


You had 4 spell levels left.
You didn't know any spells.
Your spell library was empty.

Dungeon Overview and Level Annotations

Branches:
Dungeon (4/15)
 Temple: D:4-7

Altars:
Nemelex Xobeh


Innate Abilities, Weirdness & Mutations

You have a pair of horns on your head.
You reflexively headbutt those who attack you in melee.


Message History

The magic dart hits you!
* * * LOW HITPOINT WARNING * * *
The orc priest barely misses you.
It was a potion of curing.
You feel better. The orc wizard closely misses you.
The orc priest looks satisfied for a moment.
You strike the helpless orc wizard from behind!
You hit the orc wizard but do no damage.
Your headbutt misses the orc wizard.
The orc wizard is lightly wounded.
You hit the orc priest. The orc wizard closely misses you.
The orc priest closely misses you. You furiously retaliate!
You headbutt the orc priest. You slash the orc wizard!
The orc wizard is heavily wounded.
You hit the orc priest but do no damage.
The orc wizard gestures at you while chanting.
The magic dart hits you!
* * * LOW HITPOINT WARNING * * *
The orc priest closely misses you.
You hit the orc wizard.
The orc wizard is almost dead.
You catch the helpless orc priest completely off-guard!
You hit the orc priest but do no damage.
The orc wizard points at you and mumbles some strange words.
You are confused.
You hit the orc wizard.
The orc wizard is almost dead.
The orc wizard closely misses you.
You miss the orc wizard.
The orc wizard is almost dead.
The orc wizard hits you but does no damage.
The orc wizard hits you with a +2 dagger of speed.
* * * LOW HITPOINT WARNING * * *
You slip backwards!
You barely miss the orc wizard. Your headbutt misses the orc wizard.
The orc wizard is almost dead.
You feel better. The orc wizard barely misses you.
The orc priest invokes the aid of Beogh against you.
Pain shoots through your body!
You die...

#.###### ##. .......#
#.## #.#.##.# #..##
#.#.##.#######.#.##
#.#.....).).......#
#.#..#.###...).###.#
#.#..#.##.......## ###
#.#..#.#.........#...#
#.#..#.#......o.@..#
...#.#.#........o#......
#.###..##.......########
.## ##.###.....## # .##
##...)# # ##.#.# ....#
##.### #.


You could see an orc priest (unable to see you) and an orc wizard (unable to see
you).

Vanquished Creatures
  An ogre (D:3)
  Jessica (D:2)
  Robin (D:2)
  6 adders
  3 worms
  3 dart slugs
  4 orcs (D:4)
  8 ball pythons
  4 endoplasms
  2 giant cockroaches
  8 goblins
  9 hobgoblins
  4 quokkas
  8 bats
  2 frilled lizards
  A kobold (D:1)
  6 rats
71 creatures vanquished.

Notes
Turn   | Place    | Note
-------+----------+-------------------------------------------
     0 | D:1      | AlexRAT the Minotaur Berserker began the quest for the Orb.
     0 | D:1      | Reached XP level 1. HP: 19/19 MP: 0/0
   319 | D:1      | Reached skill level 4 in Axes
   319 | D:1      | Reached XP level 2. HP: 27/27 MP: 1/1
   540 | D:1      | Found a faded altar of an unknown god.
   941 | D:2      | Reached XP level 3. HP: 25/33 MP: 2/2
  1169 | D:2      | Noticed Robin
  1174 | D:2      | Reached ** piety under Trog
  1182 | D:2      | Killed Robin
  1183 | D:2      | Reached XP level 4. HP: 22/41 MP: 3/3
  1410 | D:2      | Found the +2 pair of slick slippers {slick, slippery, EV+4}
  1422 | D:2      | Reached skill level 1 in Stealth
  1564 | D:2      | Noticed Jessica
  1569 | D:2      | Killed Jessica
  1570 | D:2      | Reached skill level 5 in Axes
  1764 | D:3      | Reached XP level 5. HP: 44/47 MP: 4/4
  1785 | D:3      | Noticed an ogre
  1792 | D:3      | Killed an ogre
  1793 | D:3      | Reached skill level 5 in Fighting
  2071 | D:3      | Found a sparkling altar of Nemelex Xobeh.
  2168 | D:3      | Reached skill level 6 in Axes
  2402 | D:4      | Reached *** piety under Trog
  2455 | D:4      | HP: 1/48 [orc wizard/+2 dagger of speed (5)]
  2457 | D:4      | Killed from afar by an orc priest

Illustrated notes

Levels and vault maps discovered:
D:1:      tarquinn_simple_flora_water_f, layout_loops_corners,
          shapermc_ecumenical_altar_gd, minmay_misc_feat_x
D:2:      layout_rooms, uniq_jessica, uniq_robin
D:3:      layout_loops_ring, nemelex_xobeh_ov_fountains_minmay
D:4:      layout_loops_ring, minmay_goblin_outpost

Skill      XL: |  1  2  3  4  5 |
---------------+----------------+-----
Axes           | 4 5 6 |  6.0
Fighting       | 4 5 |  5.1
Stealth        | 1 |  1.3
Dodging        | 3 |  3.5
Armour         | |  2.6

Action                     |  1- 3 |  4- 6 || total
---------------------------+-------+-------++-------
  Melee: Hand axe          |    65 |    74 ||   139
         Headbutt          |     5 |     8 ||    13
         Punch             |       |     1 ||     1
 Invoke: Berserk           |     2 |     1 ||     3
    Use: Potion            |       |     5 ||     5
   Stab: Invisible         |       |     2 ||     2
 Armour: Animal skin       |    16 |     8 ||    24
         Chain mail        |       |    11 ||    11
  Dodge: Dodged            |    49 |    60 ||   109

Table legend: (Time is in decaauts)
 A = Elapsed time spent in this place.
 B = Non-inter-level travel time spent in this place.
 C = Inter-level travel time spent in this place.
 D = Time resting spent in this place.
 E = Time spent auto-exploring this place.
 F = Levels seen in this place.
 G = Mean time per level.
                   A        B        C        D        E       F      G
               +--------+--------+--------+--------+--------+-----+--------+
         Total |   2496 |   2421 |     75 |     28 |   1989 |   4 |  624.0 |
       Dungeon |   2496 |   2421 |     75 |     28 |   1989 |   4 |  624.0 |
               +--------+--------+--------+--------+--------+-----+--------+

Top non-repeatable levels by time:
     D:1: 963 daAuts
     D:2: 778 daAuts
     D:3: 654 daAuts
     D:4: 100 daAuts
